 Dungeon Crawl Stone Soup version 0.31.0-11-ge490571c62 (webtiles) character file.

Game seed: 2776893405522875735

76 Arcadio the Cudgeller (level 4, 0/37 HPs)
             Began as an Armataur Gladiator on Jan 26, 2024.
             Slain by an iguana (11 damage)
             ... on level 4 of the Dungeon.
             The game lasted 00:03:06 (1640 turns).

Arcadio the Cudgeller (Armataur Gladiator)          Turns: 1640, Time: 00:03:06

Health: 0/37       AC:  7    Str: 21    XL:     4   Next: 12%
Magic:  0/4        EV:  9    Int:  8    God:
Gold:   160        SH:  0    Dex: 12    Spells: 3/3 levels left

rFire   . . .        a - +0 flail
rCold   . . .        (no shield)
rNeg    . . .        k - +0 ring mail
rPois   .            c - +0 helmet
rElec   .            (no cloak)
rCorr   .            (no gloves)
SInv    .            (no barding)
Will    .....        n - amulet of guardian spirit
Stlth   +            (no ring)
HPRegen 0.26/turn    (no ring)
MPRegen 0.09/turn

%: guardian spirit, roll
@: no status effects
A: large, deformed body, tough skin 3, armoured tail, roll 1
a: no special abilities


You were on level 4 of the Dungeon.
You visited 2 branches of the dungeon, and saw 5 of its levels.

You collected 160 gold pieces.

Inventory:

Hand Weapons
 a - a +0 flail (weapon)
Missiles
 d - 3 throwing nets (quivered)
 e - a javelin
Armour
 b - a +0 leather armour
 c - a +0 helmet (worn)
 k - a +0 ring mail (worn)
Jewellery
 n - an amulet of guardian spirit (around neck)
Wands
 h - a wand of paralysis (4)
 l - a wand of quicksilver (10)
Scrolls
 m - a scroll of enchant armour
 o - a scroll of teleportation {unknown}
Potions
 f - a potion of heal wounds
 g - a potion of brilliance
 i - 4 potions of enlightenment
 j - a potion of cancellation {unknown}


   Skills:
 + Level 2.8 Fighting
 + Level 3.4 Maces & Flails
 - Level 1.7 Throwing
 + Level 2.3 Armour
 - Level 2.1 Dodging


You had 3 spell levels left.
You didn't know any spells.
Your spell library contained the following spells:

 Spells                   Type           Power      Damage    Failure   Level
 Mephitic Cloud           Conj/Alch/Air  0%         N/A       91%         3
 Anguish                  Hex/Necr       0%         N/A       100%        4
 Cause Fear               Hex            0%         N/A       100%        4
 Arcjolt                  Conj/Air       0%         1d10      100%        5
 Enfeeble                 Hex            0%         N/A       100%        7


Dungeon Overview and Level Annotations

Branches:
Dungeon (4/15)             Temple (1/1) D:4

Altars:
Ashenzari
Dithmenos
Hepliaklqana
Makhleb
Qazlal
Sif Muna
Trog
Vehumet
Xom
Yredelemnul
Zin


Innate Abilities, Weirdness & Mutations

Armour fits poorly on your strangely shaped body.
You have extremely tough skin. (AC +3)
You have a long armoured tail.
You regenerate magic when rolling toward enemies. (Rampage MPRegen)


Message History

You sock the endoplasm!
You kill the endoplasm!
The jackal bites you but does no damage.
You barely miss the jackal.
The jackal bites you but does no damage.
A jackal comes into view.
The jackal barely misses you.
You closely miss the jackal.
The jackal barks!
You tail-slap the jackal.
The jackal is almost dead.
The jackal bites you but does no damage. x2
You hit the jackal.
You kill the jackal!
The iguana bites you.
You closely miss the iguana. The iguana bites you!
You closely miss the iguana.
You tail-slap the iguana, but do no damage.
The iguana bites you.
You closely miss the iguana.
You tail-slap the iguana, but do no damage.
The iguana bites you.
You barely miss the iguana. The iguana closely misses you.
The iguana bites you.
You hit the iguana but do no damage.
Your tail-slap misses the iguana.
The iguana closely misses you.
You hit the iguana but do no damage. The iguana bites you.
You barely miss the iguana. You tail-slap the iguana.
The iguana is moderately wounded.
The iguana closely misses you.
You hit the iguana.
The iguana is severely wounded.
The iguana bites you but does no damage.
You closely miss the iguana. You tail-slap the iguana.
The iguana is almost dead.
The iguana closely misses you. The iguana bites you!
You closely miss the iguana.
The iguana is almost dead.
The iguana bites you!
You die...

# #.. . #. #.#.#
.. #.#.# .##.#.#
..... .h. #l# #@##
#..# #### ##.#
...[# #.# #.##.#
#.### ##.##.#
##...###..##<#
#[....##.[.#†#
#........#...##
#........#....####


You could see an iguana and a jackal.

Vanquished Creatures
  2 adders
  2 ribbon worms
  7 bats
  3 endoplasms
  2 giant cockroaches (D:1)
  10 goblins
  3 hobgoblins
  A jackal (D:4)
  2 quokkas
  5 ball pythons
  4 frilled lizards
  6 kobolds
  4 rats
51 creatures vanquished.

Notes
Turn   | Place    | Note
-------+----------+-------------------------------------------
     0 | D:1      | Arcadio the Armataur Gladiator began the quest for the Orb.
     0 | D:1      | Reached XP level 1. HP: 17/17 MP: 1/1
    87 | D:1      | Reached skill level 1 in Armour
   146 | D:1      | Reached XP level 2. HP: 24/24 MP: 2/2
   356 | D:1      | Reached skill level 3 in Maces & Flails
   660 | D:2      | Reached XP level 3. HP: 30/30 MP: 3/3
   995 | D:2      | Got the Teachings on the Impact
  1552 | D:3      | Noticed a steam dragon
  1560 | D:4      | Found a staircase to the Ecumenical Temple.
  1567 | D:4      | Reached XP level 4. HP: 28/37 MP: 2/4
  1604 | Temple   | Entered the Ecumenical Temple
  1640 | D:4      | Slain by an iguana

Illustrated notes

Levels and vault maps discovered:
D:1:      lemuel_arrival_broad_hall, layout_rooms, grunt_decor_one_mirror
D:2:      layout_basic, lemuel_flame_loot_1
D:3:      layout_loops_ring, nicolae_tso_carved_into_rock
D:4:      due_chaos_kobolds, layout_loops_ring, overflow_temple_1_default,
          minmay_temple_entry_tees, uniq_ijyb
Temple:   minmay_temple_curvy_loop

Skill      XL: |  1  2  3 |
---------------+----------+-----
Fighting       | 2 |  2.8
Armour         | 1 2 |  2.3
Maces & Flails | 3 |  3.4
Throwing       | |  1.7
Dodging        | |  2.1

Action                     |  1- 3 |  4- 6 || total
---------------------------+-------+-------++-------
  Melee: Flail             |   134 |    18 ||   152
         Tailslap          |    12 |     5 ||    17
    Use: Scroll            |     4 |       ||     4
 Armour: Leather armour    |    21 |       ||    21
         Ring mail         |    84 |    14 ||    98
  Dodge: Dodged            |    81 |     7 ||    88
